 Dungeon Crawl Stone Soup version 0.20.1-1-g8b1a95d (webtiles) character file.

74 slep the Skirmisher (level 4, -1/31 HPs)
             Began as an Octopode Fighter on Oct 31, 2017.
             Slain by a gnoll
             ... wielding a +0 spear
              (9 damage)
             ... on level 3 of the Dungeon.
             The game lasted 00:07:36 (1087 turns).

slep the Skirmisher (Octopode Fighter)              Turns: 1087, Time: 00:07:37

Health: -1/31      AC:  1    Str: 15    XL:     4   Next: 28%
Magic:  4/4        EV: 12    Int: 14    God:
Gold:   98         SH:  8    Dex: 12    Spells: 2/3 levels left

rFire    . . .     SeeInvis .   a - +0 long sword
rCold    . . .     Gourm    .   b - +0 shield
rNeg     . . .     Faith    .   (helmet restricted)
rPois    .         Spirit   .   (no amulet)
rElec    .         Reflect  .   o - +4 ring of intelligence
rCorr    .         Harm     .   (no ring)
MR       .....                  (no ring)
Stlth    +++.......             (no ring)
Regen    0.1/turn               (no ring)
MPRegen  0.1/turn               (no ring)
                                (no ring)
                                (no ring)

@: no status effects
A: almost no armour, stealthy swim, amphibious, 8 rings, constrict 8, camouflage
1, gelatinous body 1
a: no special abilities


You were on level 3 of the Dungeon.
You were not hungry.

You visited 1 branch of the dungeon, and saw 3 of its levels.

You collected 98 gold pieces.

Inventory:

Hand Weapons
 a - a +0 long sword (weapon)
Missiles
 j - 6 javelins (quivered)
Armour
 b - a +0 shield (worn)
Jewellery
 n - an uncursed ring of fire
 o - a +4 ring of intelligence (left tentacle)
Scrolls
 e - 3 scrolls of remove curse {unknown}
 g - 3 scrolls of teleportation {unknown}
 l - 2 scrolls of enchant weapon {unknown}
 q - a scroll of identify {unknown}
Potions
 c - 2 potions of might
 f - 2 potions of cancellation {unknown}
 h - 4 potions of curing {unknown}
 p - a potion of flight {unknown}
 r - a potion of heal wounds {unknown}
Books
 m - a book of Cantrips

   Spells                             Type                      Level
   a - Confusing Touch                Hexes                        1
   b - Animate Skeleton               Necromancy                   1
   c - Summon Small Mammal            Summoning                    1
   d - Apportation                    Translocation                1
Comestibles
 d - a bread ration
 i - 4 chunks of flesh
 k - a meat ration


   Skills:
 + Level 3.5 Fighting
 + Level 3.1 Long Blades
 + Level 3.5 Dodging
 + Level 1.1 Stealth
 + Level 3.2 Shields


You had 2 spell levels left.
You knew the following spells:

 Your Spells              Type           Power        Failure   Level  Hunger
a - Apportation           Tloc           #.....       78%         1    ##.....


Dungeon Overview and Level Annotations

Branches:
Dungeon (3/15)

Altars:
Zin


Innate Abilities, Weirdness & Mutations

You cannot wear most types of armour.
You are very stealthy in the water. (Stealth+)
You are amphibious.
You can wear up to eight rings at the same time.
You can use your tentacles to constrict eight enemies at once.
Your skin changes colour to match your surroundings (Stealth+).
Your rubbery body absorbs attacks. (AC +1, EV +1)


Message History

The gnoll is heavily wounded.
You constrict the gnoll. The gnoll hits you.
The gnoll hits you from afar with a spear!
You hit the gnoll.
You kill the gnoll!
Your Stealth skill increases to level 1!
You have reached level 4!
The gnoll closely misses you. The gnoll hits you but does no damage.
You closely miss the gnoll. You grab the gnoll. You constrict the gnoll.
The gnoll hits you from afar with a spear!
* * * LOW HITPOINT WARNING * * *
You block the gnoll's attack. The gnoll barely misses you.
You slash the gnoll!
The gnoll is severely wounded.
You constrict the gnoll.
You kill the gnoll!
Your Long Blades skill increases to level 3!
You block the gnoll's attack. The gnoll hits you with a spear!
You die...

#.. #.. #.. ##..
#... #... ###
#...#########....
#..g@....<.....#
#................
####...).........
#.............
#.............
#.............
#........?....
#.............
#...........#


You could see a gnoll.

Vanquished Creatures
  2 gnolls (D:3)
  An adder (D:2)
  A worm (D:2)
  A leopard gecko (D:2)
  An orc (D:3)
  3 ball pythons
  7 goblins
  4 hobgoblins
  8 bats
  2 frilled lizards (D:2)
  5 kobolds
  10 rats
  A plant (D:2)
46 creatures vanquished.

Notes
Turn   | Place    | Note
-------+----------+-------------------------------------------
     0 | D:1      | slep the Octopode Fighter began the quest for the Orb.
     0 | D:1      | Reached XP level 1. HP: 16/16 MP: 1/1
   165 | D:1      | Reached XP level 2. HP: 18/21 MP: 2/2
   508 | D:2      | Learned a level 1 spell: Apportation
   533 | D:2      | Reached XP level 3. HP: 26/26 MP: 3/3
  1024 | D:2      | Found a glowing silver altar of Zin.
  1025 | D:2      | Noticed an angel
  1084 | D:3      | Reached skill level 1 in Stealth
  1084 | D:3      | Reached XP level 4. HP: 14/31 MP: 4/4
  1087 | D:3      | Slain by a gnoll

Skill      XL: |  1  2  3  4 |
---------------+-------------+-----
Stealth        | 1 |  1.1
Long Blades    | 3 |  3.1
Fighting       | |  3.5
Dodging        | |  3.5
Shields        | |  3.2

Action                   |  1- 3 |  4- 6 || total
-------------------------+-------+-------++-------
Melee: Long sword        |    70 |     2 ||    72
       Tentacles         |    17 |       ||    17
       Constrict         |    19 |     1 ||    20
Throw: Javelin           |     5 |       ||     5
 Cast: Apportation       |     1 |       ||     1
 Stab: Sleeping          |     5 |       ||     5
  Eat: Chunk             |     1 |       ||     1
Armor: Skin              |     3 |       ||     3
Dodge: Dodged            |    13 |     2 ||    15
Block: Shield            |    15 |     2 ||    17
       Rpst.: Long sword |     7 |       ||     7
